AoeStats
← Kotal Kahn

Arabia

508570237Analyzed
1v1 RM · 8d ago on Sep 23, 2026· 38m 46s· 2 players
Game mode
Random Map
Map size
Tiny (2 player)
Population
200
Speed
Normal
Resources
Standard
Victory
Conquest
Starting age
Dark Age
Ending age
Imperial Age
RankedLock teamsTeams togetherTeam positionsShared explorationLock speedFull tech treeHidden civsTurbo modeCheats
Victory
Defeat
🇨🇱 Inca · Chile
1356
+17
🇲🇽 Spanish · Mexico
1378
-17
Kotal Kahn
9:55 Loom
12:13 Feudal Age
16:48 Forging
17:54 Fletching
21:49 Castle Age
20:22 Double-Bit Axe
20:18 Horse Collar
20:44 Gold Mining
22:32 Bodkin Arrow
22:15 Crossbowman
29:28 Sanctity
32:22 Redemption
37:33 Imperial Age
35:01 Stone Mining
35:47 Gold Shaft Mining
35:12 Heavy Plow
38:04 Ballistics
39:12 Bracer
38:32 Arbalester
VX | Ausländer
6:16 Loom
9:21 Feudal Age
10:37 Double-Bit Axe
11:40 Horse Collar
17:34 Wheelbarrow
21:58 Castle Age
24:14 Town Watch
Connection lost

Rejoining the realm…

Still unreachable

The connection could not be restored.

Session expired

The server has moved on; the page needs a fresh start.